 Dungeon Crawl Stone Soup version 0.26-a0-8-gc4d20be10f (webtiles) character file.

Game seed: 11837666453332219789, levelgen mode: deterministic

2767 Flugkiller the Nimble (level 9, 0/82 HPs)
             Began as an Octopode Chaos Knight on May 24, 2020.
             Was a Plaything of Xom.
             Slain by a hellwing (4 damage)
             ... summoned by Xom
             ... on level 8 of the Dungeon.
             The game lasted 00:12:57 (8680 turns).

Flugkiller the Nimble (Octopode Chaos Knight)       Turns: 8680, Time: 00:13:27

Health: 0/82       AC: 24    Str:  9 (11) XL:     9   Next: 69%
Magic:  0/9        EV:  2    Int: 12 (15) God:    Xom [......]
Gold:   319        SH:  0    Dex: 13 (14) Spells: 5/8 levels left

rFire    . . .     SeeInvis .   a - +2 spear (chaos)
rCold    . . .     Gourm    .   (no shield)
rNeg     + + +     Faith    .   (helmet currently unavailable)
rPois    +         Spirit   +   v - amulet of guardian spirit
rElec    .         Reflect  .   u - ring of wizardry
rCorr    .         Harm     .   (no ring)
MR       .....     NoTele   +   (no ring)
Stlth    ++........             (no ring)
HPRegen  0.23/turn              (no ring)
MPRegen  0.11/turn              (no ring)
                                (no ring)
                                (no ring)

@: mighty, lethally poisoned (0 -> -4), tree-form
A: almost no armour, stealthy swim, (amphibious), 8 rings, (constrict 8), frail
1, screaming 1
a: Renounce Religion


You were on level 8 of the Dungeon.
You worshipped Xom.
You were a very special plaything of Xom.
You were very hungry.
You were a tree.
You visited 1 branch of the dungeon, and saw 8 of its levels.

You collected 431 gold pieces.
You spent 112 gold pieces at shops.

Inventory:

Hand Weapons
 a - a +2 spear of chaos (weapon)
Missiles
 e - 13 poisoned darts (quivered)
Jewellery
 m - an uncursed ring of fire
   (You found it on level 2 of the Dungeon)
 u - a ring of wizardry (left branch)
   (You found it on level 7 of the Dungeon)
 v - an amulet of guardian spirit (around neck)
   (You found it on level 7 of the Dungeon)
Wands
 o - a wand of random effects (19)
   (You took it off Ijyb on level 3 of the Dungeon)
 p - a wand of clouds (1)
   (You found it on level 4 of the Dungeon)
 r - a wand of iceblast (6)
   (You found it on level 6 of the Dungeon)
Scrolls
 f - a scroll of immolation
 g - 2 scrolls of fear
 q - a scroll of blinking
 s - a scroll of holy word {unknown}
Potions
 c - a potion of magic {unknown}
 d - 2 potions of stabbing
 h - 4 potions of curing
 i - a potion of resistance
 k - a potion of brilliance
 l - a potion of mutation
 n - a potion of lignification
Comestibles
 b - 9 rations


   Skills:
 - Level 5.8 Fighting
 - Level 3.0 Polearms
 - Level 9.4 Dodging
 - Level 4.0 Stealth
 - Level 7.0 Unarmed Combat
 + Level 0.2 Spellcasting
 + Level 0.3 Conjurations
 + Level 0.3 Fire Magic


You had 5 spell levels left.
You knew the following spells:

 Your Spells              Type           Power        Failure   Level  Hunger
a - Conjure Flame         Conj/Fire      #.......     32%         3    ####...

Your spell library contained the following spells:

 Spells                   Type           Power        Failure   Level  Hunger
 Magic Dart               Conj           #...         12%         1    ##.....
 Blink                    Tloc           N/A          21%         2    ###....
 Call Imp                 Summ           #.......     21%         2    ###....
 Slow                     Hex            #.......     21%         2    ###....
 Mephitic Cloud           Conj/Pois/Air  #.......     34%         3    ####...


Dungeon Overview and Level Annotations

Branches:
Dungeon (8/15)             Temple (0/1) D:5
   Lair: D:8-11

Altars:
Wu Jian
Xom

Shops:
D:4 :   D:7 *

Annotations:
D:4 exclusion: ice beast
D:7 exclusion: ogre


Innate Abilities, Weirdness & Mutations

You cannot wear most types of armour.
You are very stealthy in the water. (Stealth+)
((You are amphibious.))
You can wear up to eight rings at the same time.
((You can use your tentacles to constrict eight enemies at once.))
((Your skin changes colour to match your surroundings (Stealth+).))
((Your rubbery body absorbs attacks. (AC +1, EV +1)))
((Your flesh is heat resistant. (rF+)))
You are frail. (-10% HP)
You occasionally shout uncontrollably at your foes.


Message History

It was a potion of degeneration.
There was something very wrong with that liquid.
You feel weakened.
You feel dopey.
You feel clumsy.
Xom thinks this is hilarious!
The killer bee stings you.
* * * LOW HITPOINT WARNING * * *
The killer bee stings you but does no damage.
The hellwing hits you!
* * * LOW HITPOINT WARNING * * *
The hellwing hits you but does no damage.
It was a potion of might.
You feel very mighty all of a sudden.
You feel sick. The killer bee stings you.
* * * LOW HITPOINT WARNING * * *
The hellwing barely misses you. The hellwing hits you.
* * * LOW HITPOINT WARNING * * *
The killer bee stings you.
* * * LOW HITPOINT WARNING * * *
The hellwing barely misses you.
The hellwing hits you but does no damage.
You barely miss the hellwing. You punch the hellwing.
The hellwing is lightly wounded.
The killer bee stings you but does no damage.
The killer bee barely misses you.
The hellwing hits you but does no damage. x2
You miss the hellwing.
The killer bee stings you but does no damage.
The hellwing hits you but does no damage.
The hellwing hits you.
* * * LOW HITPOINT WARNING * * *
The killer bee stings you.
* * * LOW HITPOINT WARNING * * *
You miss the hellwing.
The hellwing is lightly wounded.
You feel less wooden.
The hellwing closely misses you. x2; The killer bee closely misses you.
The hellwing misses you. The hellwing closely misses you.
The killer bee barely misses you.
Really quaff the potion of lignification?
You turn into a tree.
Your roots penetrate the ground.
You feel sick. The killer bee stings you.
* * * LOW HITPOINT WARNING * * *
You are more poisoned.
The killer bee poisons you! The hellwing hits you.
* * * LOW HITPOINT WARNING * * *
The hellwing hits you but does no damage.
The killer bee stings you but does no damage.
You miss the hellwing. The hellwing hits you.
You die...
Xom chuckles heartily!

########...#####..###
#...######...#
#............####
#...#######......
##...# ####### #....#
# #.#### #4# #♣# #y#
#y# #y# #.# #.# ...
#.# #.#


You could see a hellwing (summoned, fast, agile, poisoned) and 3 killer bees.

Vanquished Creatures
  A komodo dragon (D:7)
  2 hippogriffs (D:7)
  A black bear (D:7)
  3 ice beasts
  A phantom (D:7)
  2 ogres
  Blork the orc (D:6)
  A big kobold (D:5)
  4 bullfrogs
  2 scorpions (D:4)
  Dowan (D:6)
  A killer bee (D:8)
  A howler monkey (D:5)
  4 crimson imps
  6 jellies
  A bullfrog zombie (D:5)
  3 hounds
  A centaur skeleton (D:5)
  Ijyb (D:3)
  2 worker ants (D:5)
  A hound zombie (D:7)
  2 hound skeletons
  A worker ant zombie (D:5)
  9 adders
  4 gnolls (D:7)
  An adder skeleton (D:4)
  3 worms
  A dart slug (D:1)
  6 leopard geckos
  5 orcs
  2 ball pythons (D:4)
  7 bats
  2 giant cockroaches
  12 hobgoblins
  An iguana (D:6)
  3 jackals (D:5)
  12 kobolds
  5 frilled lizards
  5 goblins
  A jackal skeleton (D:5)
  A leopard gecko skeleton (D:5)
  A quokka skeleton (D:4)
  8 rats
132 creatures vanquished.

Vanquished Creatures (collateral kills)
  Duvessa (D:6)
  A jelly (D:6)
  An iguana (D:6)
  A worker ant (D:6)
4 creatures vanquished.

Grand Total: 136 creatures vanquished

Notes
Turn   | Place    | Note
-------+----------+-------------------------------------------
     0 | D:1      | Flugkiller the Octopode Chaos Knight began the quest for
                  | the Orb.
     0 | D:1      | Reached XP level 1. HP: 16/16 MP: 1/1
    74 | D:1      | Reached skill level 1 in Stealth
   147 | D:1      | Reached XP level 2. HP: 21/21 MP: 2/2
   262 | D:1      | XOM: divination: detect creatures
   386 | D:1      | Reached XP level 3. HP: 26/26 MP: 3/3
   442 | D:1      | XOM: silly message
   480 | D:1      | XOM: silly message
   969 | D:2      | Reached skill level 3 in Dodging
   971 | D:2      | XOM: smoke on damage
   975 | D:2      | Reached XP level 4. HP: 13/31 MP: 4/4
  1399 | D:3      | XOM: silly message
  1425 | D:3      | Noticed Ijyb
  1453 | D:3      | Killed Ijyb
  1618 | D:3      | Reached skill level 4 in Dodging
  1792 | D:3      | XOM: silly message
  1852 | D:3      | XOM: cloud trail
  2558 | D:4      | Reached XP level 5. HP: 36/36 MP: 5/5
  2590 | D:4      | Gained mutation: You tend to lose your temper in combat.
                  | [potion of mutation]
  2590 | D:4      | Gained mutation: Your natural rate of healing is unusually
                  | fast. [potion of mutation]
  2591 | D:4      | Lost mutation: You tend to lose your temper in combat.
                  | [potion of mutation]
  2591 | D:4      | Lost mutation: Your natural rate of healing is unusually
                  | fast. [potion of mutation]
  2591 | D:4      | Gained mutation: Your flesh is heat resistant. (rF+)
                  | [potion of mutation]
  2591 | D:4      | Gained mutation: You are robust. (+10% HP) [potion of
                  | mutation]
  2754 | D:4      | Noticed an ice beast
  2782 | D:4      | Reached skill level 5 in Dodging
  2892 | D:4      | Reached XP level 6. HP: 30/46 MP: 6/6
  3075 | D:4      | XOM: silly message
  3077 | D:4      | Found Utriss's Book Boutique.
  3375 | D:4      | XOM: stat loss: -1 Int (14/15)
  3381 | D:5      | Entered Level 5 of the Dungeon
  3474 | D:5      | Reached skill level 6 in Dodging
  3805 | D:5      | XOM: confusion
  3822 | D:5      | XOM: smoke on damage
  4228 | D:5      | XOM: divination: detect items
  4277 | D:5      | Reached XP level 7. HP: 27/50 MP: 7/7
  4333 | D:5      | XOM: noise
  4448 | D:5      | Reached skill level 7 in Dodging
  4688 | D:5      | XOM: scenery: create altars
  5050 | D:5      | XOM: potion effect (might)
  5109 | D:5      | XOM: stat loss: -1 Int (14/15)
  5155 | D:5      | Found a staircase to the Ecumenical Temple.
  5210 | D:6      | Reached skill level 8 in Dodging
  5264 | D:5      | Reached XP level 8. HP: 59/59 MP: 8/8
  5297 | D:6      | Noticed Duvessa
  5297 | D:6      | Noticed Dowan
  5307 | D:6      | Killed Dowan
  5330 | D:6      | XOM: enchant monster (bad)
  5335 | D:6      | Killed Duvessa
  5398 | D:6      | XOM: torment (13/59 hp)
  5709 | D:6      | XOM: butterfly on damage
  5809 | D:6      | XOM: cast spell 'Call Canine Familiar'
  5951 | D:6      | XOM: noise
  6014 | D:6      | Found a shimmering altar of Xom.
  6075 | D:6      | Noticed Blork the orc
  6096 | D:6      | Killed Blork the orc
  6096 | D:6      | Reached skill level 1 in Unarmed Combat
  6671 | D:6      | XOM: divination: detect creatures
  6693 | D:7      | XOM: silly message
  6821 | D:7      | Found Azuroon's Island Escapes.
  6843 | D:7      | Bought a scroll of blinking for 112 gold pieces
  6843 | D:7      | Noticed a komodo dragon
  6863 | D:7      | XOM: potion effect (brilliance)
  6867 | D:7      | XOM: potion effect (might)
  6881 | D:7      | XOM: confuse monster(s)
  6886 | D:7      | XOM: enchant monster (good)
  6893 | D:7      | Killed a komodo dragon
  6893 | D:7      | Reached skill level 5 in Unarmed Combat
  6893 | D:7      | Reached XP level 9. HP: 48/66 MP: 9/9
  6994 | D:7      | Reached skill level 5 in Fighting
  6994 | D:7      | Reached skill level 9 in Dodging
  7516 | D:7      | XOM: give mutations
  7516 | D:7      | Gained mutation: You occasionally shout uncontrollably at
                  | your foes. [Xom's mischief]
  7516 | D:7      | Lost mutation: You are robust. (+10% HP) [Xom's mischief]
  7516 | D:7      | Gained mutation: You are frail. (-10% HP) [Xom's mischief]
  7934 | D:7      | XOM: silly message
  8143 | D:7      | XOM: potion effect (stabbing)
  8271 | D:7      | Found an ornate altar of the Wu Jian Council.
  8352 | D:7      | XOM: silly message
  8373 | D:7      | XOM: silly message
  8529 | D:8      | Learned a level 3 spell: Conjure Flame
  8640 | D:8      | XOM: silly message
  8661 | D:8      | XOM: summons 2 hostile demons
  8662 | D:8      | Noticed a hellwing
  8679 | D:8      | HP: 4/82 [hellwing[Xom] (1)]
  8680 | D:8      | Slain by a hellwing

Illustrated notes

Levels and vault maps discovered:
D:1:      sevenhm_arrival_forest_fort_large_2, layout_rooms
D:2:      layout_basic, first_ration
D:3:      layout_basic, uniq_ijyb
D:4:      layout_cave_pools, serial_shops, shop
D:5:      layout_basic, minmay_temple_entry_fiery, serial_bayou_pond_b
D:6:      layout_cave_pools, chequers_serial_rivers_micro_e, dk_xom_monty_hall,
          uniq_blork_the_orc, uniq_duvessa
D:7:      layout_loops_ring, lemuel_doored_altar, nicolae_island_escapes
D:8:      layout_rooms, uniq_grum

Skill      XL: |  1  2  3  4  5  6  7  8  9 |
---------------+----------------------------+-----
Stealth        | 2 3 4 |  4.0
Dodging        | 3 4 5 6 8 9 |  9.4
Fighting       | 4 5 |  5.8
Unarmed Combat | 5 7 |  7.0
Polearms       | |  3.0
Spellcasting   | |  0.2
Conjurations   | |  0.3
Fire Magic     | |  0.3

Action                   |  1- 3 |  4- 6 |  7- 9 || total
-------------------------+-------+-------+-------++-------
Melee: Spear             |    74 |   140 |   237 ||   451
       Constrict         |    10 |    21 |    22 ||    53
       Tentacles         |     6 |    15 |    31 ||    52
       Punch             |       |       |     9 ||     9
Throw: Dart              |     1 |     7 |     9 ||    17
 Cast: Conjure Flame     |       |       |     1 ||     1
Evoke: Wand              |       |       |     6 ||     6
  Use: Scroll            |     3 |     6 |     6 ||    15
       Potion            |       |     3 |     7 ||    10
 Stab: Sleeping          |    11 |     9 |    11 ||    31
       Petrifying        |       |     1 |       ||     1
       Confused          |       |       |     4 ||     4
       Petrified         |       |       |     1 ||     1
       Paralysed         |       |       |     1 ||     1
  Eat: Chunk             |       |    11 |     9 ||    20
       Ration            |       |       |     1 ||     1
Armor: Skin              |     2 |     1 |    80 ||    83
Dodge: Dodged            |    20 |    56 |   147 ||   223

Table legend:
 A = Non-vault XP
 B = Vault XP
 C = Vault XP percentage of total XP
 D = Non-vault monster count
 E = Vault monster count
 F = Vault count percentage of total count
                 A         B        C        D         E       F
            +---------+---------+-------+---------+---------+-------
      Total |    3538 |     415 |  10.5 |     127 |       9 |   6.6
            +---------+---------+-------+---------+---------+-------
        D:1 |      45 |       0 |   0.0 |      26 |       0 |   0.0
        D:2 |      39 |       0 |   0.0 |      11 |       0 |   0.0
        D:3 |      34 |      33 |  49.3 |      15 |       1 |   6.2
        D:4 |     183 |       0 |   0.0 |      10 |       0 |   0.0
        D:5 |     709 |       6 |   0.8 |      30 |       2 |   6.2
        D:6 |     486 |     376 |  43.6 |      11 |       6 |  35.3
        D:7 |    1841 |       0 |   0.0 |      21 |       0 |   0.0
        D:8 |     201 |       0 |   0.0 |       3 |       0 |   0.0
            +---------+---------+-------+---------+---------+-------
